 Dungeon Crawl Stone Soup version 0.15-a0-217-g70ad64b (webtiles) character file.

131 PolkaDot the Slasher (level 3, -6/27 HPs)
             Began as a Vampire Death Knight on Apr 23, 2014.
             Was a Believer of Yredelemnul.
             Killed by nerve-wracking pain
             ... invoked by an orc priest
              (7 damage)
             ... on Level 3 of the Dungeon.
             The game lasted 00:06:52 (1643 turns).

PolkaDot the Slasher (Vampire Death Knight)         Turns: 1643, Time: 00:06:53

HP  -6/27        AC  3     Str 12      XL: 3   Next: 83%
MP   4/4         EV 11     Int 13      God: Yredelemnul [**....]
Gold 70          SH  0     Dex 14      Spells:  0 memorised,  2 levels left

rFire  . . .     SeeInvis +     a - +1 falchion
rCold  . . .     Clarity  .     b - +0 leather armour
rNeg   . . .     Conserve .     (no shield)
rPois  .         rCorr    .     (no helmet)
rElec  .         rRot     .     (no cloak)
SustAb . .       Spirit   .     (no gloves)
rMut   .         Warding  .     (no boots)
Saprov . . .     Stasis   .     (no amulet)
MR     .....                    (no ring)
                                e - ring of see invisible

@: regenerating quickly, about to teleport, very slightly contaminated, not
resistant to hostile enchantments, unstealthy
A: fangs 3, see invisible, unbreathing
a: Animate Remains, Recall Undead Slaves, Injury Mirror, Renounce Religion


You were on level 3 of the Dungeon.
You worshipped Yredelemnul.
Yredelemnul was pleased with you.
You were very full.

You visited 1 branch of the dungeon, and saw 3 of its levels.

You collected 70 gold pieces.

Inventory:

Hand weapons
 a - a +1,+1 falchion (weapon)
Armour
 b - a +0 leather armour (worn)
 j - a storm dragon hide
Scrolls
 f - 4 scrolls of identify
 g - a scroll of remove curse
 h - a scroll of blinking
Jewellery
 e - a ring of see invisible (left hand)


   Skills:
 - Level 2.2 Fighting
 * Level 3.3 Long Blades
 - Level 0.7 Armour
 + Level 1.9 Dodging
 + Level 2.7 Invocations


You had 2 spell levels left.
You didn't know any spells.

Dungeon Overview and Level Annotations

Branches:
Dungeon (3/15)

Altars:

Annotations:
D:3 Natasha


Innate Abilities, Weirdness & Mutations

Your natural rate of healing is unusually fast.
You have razor-sharp teeth.*
You have supernaturally acute eyesight.
You can survive without breathing.*


Message History

Read which item? (? for menu, Esc to quit)
As you read the scroll labeled ZURGHUOV ZAUZUO, it crumbles to dust.
You feel strangely unstable.
It was a scroll of teleportation.
A hobgoblin comes into view. It is wielding a club.
The hobgoblin shouts!
Your surroundings suddenly seem different.
The orc shouts!
The orc priest shouts!
The orc priest calls down the wrath of Beogh upon you.
Pain shoots through your body!
* * * LOW HITPOINT WARNING * * *
A bat comes into view.
Read which item? (? for menu, Esc to quit)
As you read the scroll of teleportation, it crumbles to dust.
You feel strangely unstable.
The kobold shouts!
The bat hits you but does no damage.
The orc priest mumbles some strange prayers to Beogh against you.
Pain shoots through your body!
You die...
Yredelemnul claims you as an undead slave.

..# .
...o.# ...
#.K...#
####.....K
#.....#
...oo.....
#.....#
####o.....
#.b.o.#
.........
#...o.#
####. .
#.....#
#....@#
#######


You could see an orc priest, 2 orcs, a bat and a kobold.

Vanquished Creatures
  An adder (D:3)
  An ooze (D:1)
  3 orcs
  A bat (D:1)
  A bat skeleton (D:3)
  5 giant cockroaches
  4 hobgoblins
  2 ball pythons (D:1)
  2 giant geckos (D:1)
  4 giant newts
  4 goblins
  9 kobolds
  10 rats
47 creatures vanquished.

Vanquished Creatures (collateral kills)
  A bat (D:1)
  A kobold (D:1)
2 creatures vanquished.

Vanquished Creatures (others)
  A rat skeleton (D:3)
1 creature vanquished.

Grand Total: 50 creatures vanquished

Notes
Turn   | Place    | Note
--------------------------------------------------------------
     0 | D:1      | PolkaDot, the Vampire Death Knight, began the quest for the Orb.
     0 | D:1      | Reached XP level 1. HP: 16/16 MP: 1/1
   240 | D:1      | Reached XP level 2. HP: 22/22 MP: 2/2
   598 | D:1      | Acquired Yredelemnul's second power
   707 | D:1      | Reached XP level 3. HP: 23/27 MP: 4/4
   978 | D:2      | Reached skill level 3 in Long Blades
  1630 | D:3      | Noticed Natasha
  1642 | D:3      | HP: 1/27 [orc priest/nerve-wracking pain (6)]
  1643 | D:3      | Killed from afar by an orc priest

Action                   || total
-------------------------++-------
Melee: Falchion          ||   138
Invok: Animate Remains   ||    15
       Recall Undead Sla ||     1
  Use: Scroll            ||     6
       Potion            ||     5
